 Dungeon Sprint DCSS version 0.13-a0-2648-g56e3d78 (webtiles) character file.

701 JacquesDerrida the Markself (level 6, 2/39 HPs)
             Began as a High Elf Hunter on Aug 9, 2013.
             Quit the game in the Dungeon (Sprint II: "The Violet Keep of Menkaure").
             The game lasted 00:01:36 (200 turns).

JacquesDerrida the Markself (High Elf Hunter)        Turns: 200, Time: 00:01:36

HP   2/39        AC  3     Str 11      XL: 6   Next: 69%
MP   9/9         EV 17     Int 13 (16) God:
Gold 263         SH  0     Dex 17      Spells:  0 memorised,  5 levels left

Res.Fire  : . . .   See Invis. : .   b - +1 elf bow
Res.Cold  : . . .   Warding    : .   d - +0 elf leather armour
Life Prot.: . . .   Conserve   : .   (no shield)
Res.Poison: .       Res.Corr.  : .   (no helmet)
Res.Elec. : .       Clarity    : .   (no cloak)
Sust.Abil.: . .     Spirit.Shd : .   (no gloves)
Res.Mut.  : .       Prev.Telep.: +   (no boots)
Res.Rott. : .       Flight     : .   (no amulet)
Saprovore : . . .                    (no ring)
                                     (no ring)

@: slightly resistant to hostile enchantments, very unstealthy
A: no striking features
a: no special abilities


You were in the Dungeon.
You were not hungry.

You visited 1 branch You collected 243 gold pieces.

Inventory:

Hand weapons
 a - a cursed +0,+0 elven short sword
 b - a +1,+1 elven bow (weapon)
Missiles
 c - 11 arrows (quivered)
Armour
 d - a +0 elven leather armour (worn)
Comestibles
 f - a bread ration
Scrolls
 k - a scroll of blinking
Potions
 e - a potion of curing
 i - 2 potions of magic
 j - a potion of berserk rage


   Skills:
 - Level 1.0 Fighting
 * Level 15.2 Bows
 + Level 9.4 Dodging
 - Level 1.1 Stealth


You had 5 spell levels left.
You didn't know any spells.

Dungeon Overview and Level Annotations

Branches:
Dungeon (1/1)

Altars:
Cheibriados
Elyvilon
Fedhas
Makhleb
Okawaru
Sif Muna
Trog
Vehumet
Xom
Yredelemnul
Zin
the Shining One
Beogh
Jiyva
Lugonu


Message History

The polar bear growls angrily.
A polar bear comes into view.
There are monsters nearby!
Really walk into a travel-excluded area? [Y]es or [N]o only, please.
Really walk into a travel-excluded area?
Okay, then.
There are monsters nearby!
There are monsters nearby!
Really walk into a travel-excluded area?
The polar bear growls angrily.
A polar bear comes into view.
You are engulfed in a cloud of scalding steam.
* * * LOW HITPOINT WARNING * * *
The polar bear growls angrily.
Really walk into that cloud of steam? [Y]es or [N]o only, please.
Really walk into that cloud of steam?
Okay, then.
Are you sure you want to abandon this character and quit the game? (Confirm with "yes".) #+# ##..# .# # ##.## #..# .# .# +<<<+

+..### .##U# ##.##
#....###...#### #(##
##......≈U≈≈≈≈≈≈
####(####≈≈.....≈#+######
#..##(#≈≈≈≈≈≈≈§.≈#....._.
#..%##≈≈≈§§≈§§.≈#...._._
≈≈##'##≈≈§≈≈≈≈≈≈@≈#..._._.
#≈≈≈≈≈≈≈§§≈≈≈≈≈≈§≈#.._._._
#+++#+++#≈≈≈≈≈≈§≈≈#.⌠._._
≈≈§§ ##≈§§###≈≈#.._._.
≈≈§§§≈ ##≈§# #≈≈#..._._
≈≈≈§8§≈ +≈≈# #§§#...._
≈≈≈§§≈§ #≈≈ §§≈#####
#≈≈§§§§§ ####≈≈≈ ###+#
≈###≈#


You could see 2 polar bears.

Vanquished Creatures
  Menkaure (D)
  A crocodile (D)
  4 brain worms (D)
6 creatures vanquished.

Notes
Turn   | Place    | Note
--------------------------------------------------------------
     0 | D        | JacquesDerrida, the High Elf Hunter, began the quest for the Orb.
     0 | D        | Reached XP level 1. HP: 14/14 MP: 1/1
     1 | D        | Noticed a brain worm
     4 | D        | Killed a brain worm
     4 | D        | Reached skill level 9 in Bows
     4 | D        | Reached skill level 5 in Dodging
     4 | D        | Reached XP level 2. HP: 19/19 MP: 2/2
     4 | D        | Reached XP level 3. HP: 24/24 MP: 4/4
     4 | D        | Reached XP level 4. HP: 29/29 MP: 6/6
     9 | D        | Noticed a brain worm
    14 | D        | Killed a brain worm
    14 | D        | Reached skill level 11 in Bows
    14 | D        | Reached XP level 5. HP: 30/34 MP: 7/7
    16 | D        | Noticed a brain worm
    16 | D        | Noticed a brain worm
    21 | D        | Killed a brain worm
    21 | D        | Reached skill level 12 in Bows
    24 | D        | Killed a brain worm
    24 | D        | Reached skill level 13 in Bows
    24 | D        | Reached XP level 6. HP: 30/39 MP: 9/9
    94 | D        | Noticed an orange crystal statue
   101 | D        | Noticed a crocodile
   129 | D        | Noticed Menkaure
   139 | D        | Killed a crocodile
   139 | D        | Reached skill level 14 in Bows
   149 | D        | Killed Menkaure
   149 | D        | Reached skill level 15 in Bows
   160 | D        | Found a blossoming altar of Fedhas.
   160 | D        | Found a glowing golden altar of the Shining One.
   160 | D        | Found a burning altar of Makhleb.
   162 | D        | Found a glowing silver altar of Zin.
   162 | D        | Found a bloodstained altar of Trog.
   162 | D        | Found a roughly hewn altar of Beogh.
   162 | D        | Found a viscous altar of Jiyva.
   163 | D        | Found a basalt altar of Yredelemnul.
   163 | D        | Found a radiant altar of Vehumet.
   163 | D        | Found a shimmering altar of Xom.
   163 | D        | Found a white marble altar of Elyvilon.
   164 | D        | Noticed a flying skull
   164 | D        | Found a snail-covered altar of Cheibriados.
   164 | D        | Found a corrupted altar of Lugonu.
   164 | D        | Found an iron altar of Okawaru.
   164 | D        | Found a deep blue altar of Sif Muna.
   197 | D        | Noticed a polar bear
   198 | D        | Noticed a polar bear
   199 | D        | Noticed a polar bear
   200 | D        | Quit the game

Action                   |  1- 3 |  4- 6 || total
-------------------------+-------+-------++-------
 Fire: Bow               |     3 |    25 ||    28
  Use: Potion            |       |     2 ||     2
